[Event "FIDE CB Open 2022"]
[Site "Ceske Budejovice"]
[Date "2022.07.05"]
[Round "5.3"]
[White "Heimisson, Hilmir Freyr"]
[Black "Librelato, Kathie Goulart"]
[Result "1/2-1/2"]
[ECO "A46"]
[WhiteElo "2281"]
[BlackElo "2255"]
[Annotator "TA"]
[PlyCount "199"]
[EventDate "2022.07.01"]
[EventType "swiss"]
[EventCountry "CZE"]
[SourceTitle "playchess.com"]
[Source "ChessBase"]
[SourceQuality "1"]
[TimeControl "40/5400+30:1800+30"]

1. d4 d5 2. Nf3 e6 3. g3 Nf6 4. Bg2 b5 5. Bg5 Be7 6. Nbd2 {[%emt 0:01:12] A46: 1 d4 Nf6 2 Nf3 e6: Torre, London and Colle Systems.} Nbd7 7. O-O O-O 8. c3 c5 9. a4 b4 10. cxb4 cxb4 {[%emt 0:00:12] [#]} (10... cxd4 {is interesting.} 11. Nxd4 Bxb4 12. e4 Bb7) 11. Bxf6 $146 ({Predecessor:} 11. a5 Ba6 12. Re1 Rc8 13. Qa4 h6 14. Bxf6 Nxf6 15. Nb3 Qd7 16. Qxd7 Nxd7 17. Rac1 Rxc1 18. Rxc1 {0-1 (53) Cifuentes Parada,R (2433)-Velten,P (2515) San Sebastian 2019}) 11... Bxf6 12. Qb3 a5 13. Rfc1 Ba6 14. Bf1 Rc8 15. e3 Bxf1 16. Kxf1 Nb6 17. Rc5 Rxc5 18. dxc5 Nc4 19. Nxc4 dxc4 20. Qxc4 Bxb2 21. Rb1 Bc3 22. Ke2 {[%emt 0:02:09] Threatens to win with Rd1.} h6 $2 (22... Qc7 $11) 23. Rd1 $1 $18 Qc7 (23... Qa8 $16) 24. c6 $1 Rc8 $2 (24... Kh7 25. Rd7 Qc8) 25. Rd7 Qb6 26. c7 Bf6 27. Qb5 Qa7 28. Rd8+ Bxd8 29. Qe8+ {[%emt 0:00:06][%mdl 64] Pin, Double Attack} Kh7 30. cxd8=Q {[%emt 0:00:36] Threatening mate with Qg8+.} ({Don't take} 30. cxd8=R $6 Qa6+ 31. Ke1 Rxd8 32. Qxd8 Qc6 $18) 30... Qa6+ 31. Kd2 {[%emt 0:00:55] Qg8+ would kill now.} Rxd8+ 32. Qxd8 {[%emt 0:00:02] Hoping for Qd3+.} Qc6 33. Qd3+ (33. Qxa5 Qxf3 34. Qxb4 Qxf2+ 35. Kd3 Qf1+ 36. Kd2 Qh1 $11) 33... g6 (33... Kg8 $142) 34. Nd4 $2 (34. Ne5 $18 {is the precise move to win.} Qc7 35. Qd4) 34... Qxa4 $16 35. Qc2 {[%emt 0:00:37] Against Qa2} (35. Qc4 $142) 35... Qa1 {[%emt 0:02:06] [#]} 36. Qc7 $1 Kg8 37. Qb8+ Kg7 38. Qe5+ Kg8 39. Qb5 (39. Qc7 $14) 39... Qa3 (39... Qa2+ $11 40. Ke1 Kg7) 40. Qc4 Qb2+ $1 41. Qc2 Qa1 42. Qc8+ Kg7 43. Qc1 Qa2+ 44. Qc2 Qa1 45. Kd3 (45. Qc5 $14) 45... Qf1+ 46. Qe2 Qc1 {[%emt 0:00:05] Strongly threatening ...Qc3+.} 47. Qc2 {[%emt 0:02:31] Against Qc3+} Qf1+ 48. Ke4 Qh1+ ({Don't play} 48... Qg2+ 49. f3 Qf1 50. Qa2 $14) 49. f3 Qa1 50. Qb3 (50. Qc5 $5 ) 50... Qc1 51. Qa2 Qc3 52. f4 ({Not} 52. Qxa5 $2 f5+ 53. Ke5 Qxe3+ 54. Kd6 Qxd4+ 55. Kxe6 Qf6+ 56. Kd5 b3 $19) 52... Qc5 53. Qa1 {[%emt 0:01:08] Intending Nf5+ and mate.} Kg8 54. Kd3 Qh5 55. Qh1 Qc5 (55... e5 $142) 56. Qc6 Qh5 {[%emt 0:00:22] [#]} 57. Qc2 {[%emt 0:00:42] Prevents Qd1+.} (57. Nf3 $142 $1) 57... e5 (57... Qd5 $2 58. e4 Qd8 59. Qc5 $18) 58. fxe5 Qxe5 59. Kd2 (59. Qg2 $16) 59... Qd5 $11 60. Kc1 Qh1+ 61. Kb2 a4 62. Qd2 {[%emt 0:01:16] And now Nc2 would win.} a3+ {[%emt 0:01:09] The position is equal.} 63. Ka2 {[%emt 0:00:35] aiming for Nc2.} Qd5+ 64. Nb3 Qc4 65. Qf2 Kh7 66. Qg2 Kg8 67. e4 h5 68. e5 Kh7 69. Qd2 Kg7 70. Qg2 Kh7 71. Qf2 Kg8 72. Qd2 Kh7 73. h3 Kg8 74. Qf2 Kh7 75. g4 hxg4 76. hxg4 Kg8 77. g5 Kh7 78. Qd2 Kg8 79. Qh2 Kg7 80. Qg2 Kh7 81. Qh3+ Kg8 82. Qh2 {[%emt 0:00:56] Against Qc2+} Kg7 83. Qd2 Kg8 84. Qc1 Qe2+ 85. Kb1 Qxe5 86. Nc5 Qe2 87. Nb3 Qd3+ 88. Ka2 Qd5 89. Qc8+ Kg7 90. Qc1 Kh7 91. Qf4 Qg2+ 92. Nd2 Qd5+ 93. Nc4 Kg7 94. Kb3 Qd1+ 95. Kxb4 {[%emt 0:00:21] Qf6+ is the strong threat. Dancing on a razor blade.} a2 96. Qe5+ Kg8 97. Qe8+ Kg7 98. Qe5+ Kg8 99. Qb8+ Kg7 {[%emt 0:00:05] ( -> ...Qb1+)} (99... Kh7 $5 100. Qh2+ Qh5 101. Qxa2 Qxg5 $14) 100. Qe5+ {[%emt 0:00:34] Weighted Error Value: White=0.20 (precise) /Black=0.24 (precise)} 1/2-1/2

[Event "FIDE CB Open 2022"]
[Site "Ceske Budejovice"]
[Date "2022.07.05"]
[Round "5.4"]
[White "Zeman, Matyas"]
[Black "Toman, Ondrej"]
[Result "0-1"]
[ECO "B10"]
[WhiteElo "2262"]
[BlackElo "2276"]
[Annotator "TA"]
[PlyCount "106"]
[EventDate "2022.07.01"]
[EventType "swiss"]
[EventCountry "CZE"]
[SourceTitle "playchess.com"]
[Source "ChessBase"]
[SourceQuality "1"]
[TimeControl "40/5400+30:1800+30"]

1. e4 c6 2. Nf3 d5 3. d3 dxe4 4. dxe4 Qxd1+ 5. Kxd1 Bg4 6. Be2 {[%emt 0:00:43] B10: Caro-Kann: 2 d3 and 2 c4.} Nd7 7. Ne1 Bxe2+ 8. Kxe2 {[%emt 0:00:04] White has an edge.} e5 9. f3 Nc5 10. Be3 Ne6 11. Nd3 Bd6 12. Nd2 {[%emt 0:00:54] [#]} f6 $146 ({Predecessor:} 12... Bc7 13. Nc4 Nd4+ 14. Kd2 f6 15. c3 Ne6 16. a4 O-O-O 17. Kc2 b6 18. a5 Kb7 19. axb6 axb6 {½-½ (57) Blesic,V (2268)-Mustafayev,F (2311) Ayvalik 2022}) 13. a4 Ne7 14. Nc4 Bc7 15. a5 Kf7 16. Ra3 Rhd8 17. c3 Nc8 18. Nc5 Rb8 19. Nxe6 Kxe6 20. Rha1 Rd7 21. b4 Ra8 22. Rb3 Nd6 23. Nxd6 Bxd6 24. b5 cxb5 25. Rxb5 Rc8 (25... a6 $5 26. Rb6 Rc8 $11) 26. Rab1 Rxc3 27. Rxb7 Rc2+ 28. Kd3 Rcc7 29. Rxc7 (29. a6 $11 {should be considered.} Bb4+ 30. Ke2 Rxb7 31. axb7 Rxb7 32. Bxa7 Rxa7 33. Rxb4) 29... Bxc7+ $11 {[%emt 0:00:03][%mdl 4096] Endgame KRB-KRB} 30. Kc4 {[%emt 0:00:15] [#] Threatens to win with a6.} Bxa5 31. Ra1 Bb6 32. Ra6 Rc7+ 33. Kd3 Rd7+ 34. Kc4 Rc7+ 35. Kd3 $1 Rb7 36. Kc4 Kf7 37. Bxb6 axb6 $15 {[%emt 0:00:08] KR-KR} 38. Ra2 Rd7 39. Kb5 Rd6 40. Rf2 (40. Kc4 $17) 40... Kg6 (40... h5 $19 41. Ra2 h4) 41. f4 $2 {[%emt 0:31:28][%mdl 8192] White does not recover from this.} (41. g3 $17 {was necessary.}) 41... exf4 $19 42. Rxf4 h5 {[%emt 0:03:22] [#] aiming for ...Rd2.} 43. Rf3 (43. Rf2 {was worth a try.}) 43... Re6 44. Rf4 Kf7 45. h4 $2 (45. Rh4) 45... Ke7 46. g3 g6 47. Ka6 Kf7 48. g4 $2 (48. Kb5 Ke7 49. Kc4) 48... hxg4 {[%emt 0:00:00] Black is clearly winning.} 49. Rxg4 Kg7 50. Kb5 Kh6 51. Kc4 Kh5 52. Rf4 g5 53. hxg5 fxg5 {[%emt 0:00:00] Weighted Error Value: White=0.51/Black=0.14 (very precise)} 0-1

[Event "FIDE CB Open 2022"]
[Site "Ceske Budejovice"]
[Date "2022.07.05"]
[Round "5.5"]
[White "Velicka, Petr"]
[Black "Mostbauer, Maximilian"]
[Result "1-0"]
[ECO "C06"]
[WhiteElo "2384"]
[BlackElo "2192"]
[Annotator "TA"]
[PlyCount "155"]
[EventDate "2022.07.01"]
[EventType "swiss"]
[EventCountry "CZE"]
[SourceTitle "playchess.com"]
[Source "ChessBase"]
[SourceQuality "1"]
[TimeControl "40/5400+30:1800+30"]

1. e4 e6 2. d4 d5 3. Nd2 Nf6 4. e5 Nfd7 5. Bd3 c5 6. c3 b5 {[%emt 0:00:07] C06: French Tarrasch: 3...Nf6 4 e5 Nfd7 5 Bd3 main lines.} 7. a3 {[%emt 0:05:10] [#]} c4 $146 ({Predecessor:} 7... Qb6 8. Ne2 Nc6 9. Nf3 a5 10. O-O h6 11. Be3 Ba6 12. h4 a4 13. Re1 Na5 14. Rb1 {1-0 (35) Demburg,D (2071)-Werner,C (2197) Bayern 2009}) 8. Bb1 Nc6 {[%emt 0:01:27] White is slightly better.} 9. Ne2 a5 10. O-O g6 11. Nf3 a4 12. Bg5 Be7 13. h4 h6 14. Bxe7 Nxe7 15. Qd2 Nf5 16. g3 (16. h5 $142 $1) 16... Qe7 17. Re1 Bb7 18. Nf4 O-O-O 19. Bxf5 gxf5 20. Kf1 Bc6 21. Re2 Rdg8 22. Ne1 h5 23. Nf3 Nf8 24. Ree1 Rg4 25. Nh2 {[%emt 0:07:18] Pair of Knights!} Rg7 26. Qd1 Rgh7 27. Nf3 Ng6 28. Ng5 Nxf4 (28... Rh6 $16 {was called for.}) 29. gxf4 (29. Nxh7 $18 {and White stays clearly on top.} Rxh7 30. gxf4) 29... Rg7 $16 30. Qf3 Rg6 31. Re3 Kc7 32. Ke2 Kb6 33. Kd2 Bd7 34. Rg1 Bc6 35. Qd1 Be8 36. Reg3 {[%emt 0:00:27] White is more active.} Rhh6 37. R1g2 Kb7 38. Rg1 Kb6 $1 39. Ke3 Kb7 40. Qf3 Kb6 41. Qg2 Kc7 42. Qf1 Kb6 43. R1g2 Kc7 44. Qg1 Kd7 45. f3 Kc6 46. Nh3 Kc7 (46... Qxh4 $2 47. Ng5 $18) 47. Rg5 Qf8 48. Nf2 Rh7 49. Nh1 Kb6 50. Ng3 Rxg5 (50... Qg8 $142) 51. hxg5 ({Don't play} 51. fxg5 Rh8 $16) 51... h4 52. Rh2 Bd7 53. Qh1 Qh8 54. Ne2 h3 55. Ng1 Rh4 56. Rxh3 Rxh3 57. Qxh3 ({Don't do} 57. Nxh3 Kc7 $16) 57... Qxh3 58. Nxh3 {[%emt 0:00:00][%mdl 4096] Endgame KB-KN} Kc7 59. Nf2 Kd8 60. Nh1 Ke7 61. Ng3 Kf8 62. Nh5 Bc6 63. Kf2 Kg8 64. Kg3 Kh7 65. Kh4 Kg6 66. Nf6 Bb7 67. Ng8 ({White should try} 67. Ne8 $16) 67... Kg7 (67... Kh7 $1 $11 {keeps the balance.}) 68. Ne7 $1 Kf8 {[%emt 0:02:30] [#]} 69. g6 $1 fxg6 (69... Kxe7 $2 70. g7 Kd7 71. g8=Q $18) 70. Nxg6+ Kg7 71. Kg5 (71. Kh5 $1 $16) 71... Bc6 (71... Bc8 $1 $11) 72. Nh4 $1 {[%emt 0:00:39][%cal Oh4f5] Strongly threatening Nxf5+!} Bd7 73. Ng2 $1 Bc6 74. Ne3 {[%emt 0:00:16][%cal Oe3f5] aiming for Nxf5+!} Bd7 75. Nf1 {[%emt 0:00:08] Ng3 is the strong threat.} Bc6 $2 {[%emt 0:02:00][%mdl 8192] [#]} (75... Be8 $16) 76. Ng3 $1 $18 {[%emt 0:02:03][%cal Og3f5] And now Nxf5+! would win. White is clearly winning.} Be8 {[%emt 0:00:15] [#]} 77. Nxf5+ $1 exf5 78. Kxf5 {[%emt 0:00:08] Weighted Error Value: White=0.08 (flawless) /Black=0.08 (flawless)} 1-0

[Event "FIDE CB Open 2022"]
[Site "Ceske Budejovice"]
[Date "2022.07.05"]
[Round "5.6"]
[White "Mai, Alexander Oliver"]
[Black "Mostbauer, Florian"]
[Result "1/2-1/2"]
[ECO "B15"]
[WhiteElo "2159"]
[BlackElo "2303"]
[Annotator "TA"]
[PlyCount "38"]
[EventDate "2022.07.01"]
[EventType "swiss"]
[EventCountry "CZE"]
[SourceTitle "playchess.com"]
[Source "ChessBase"]
[SourceQuality "1"]
[TimeControl "40/5400+30:1800+30"]

1. e4 c6 2. d4 d5 3. Nd2 dxe4 4. Nxe4 Nf6 5. Nxf6+ exf6 6. Bc4 Na6 {[%emt 0:00:54][%cal Bb8a6,Ba6c7,Bc7d5,Bd5b6][%mdl 32] B15: Caro-Kann: 3 Nc3: 3...g6 and 3...dxe4 4 Nxe4 Nf6 5 Nxf6+ exf6.} 7. Nf3 Be7 8. h3 O-O 9. O-O {[%emt 0:00:13] [#]} b5 $146 ({Predecessor:} 9... Bf5 10. c3 Nc7 11. Re1 Nd5 12. Bd3 Bxd3 13. Qxd3 Re8 14. Bd2 a5 15. c4 Nb4 {1-0 (55) Fedoseev,V (2687)-Pantzar,M (2421) Tornelo INT 2021}) 10. Be2 Nc7 11. a4 a6 12. c3 Be6 13. b3 Nd5 14. Bd2 Qb8 15. axb5 axb5 16. Rxa8 Qxa8 17. c4 bxc4 18. bxc4 Nb6 19. Qc2 (19. Qb3 $5 Rb8 20. Bf4 $14) 19... Rd8 {[%emt 0:13:12] Weighted Error Value: White=0.08 (flawless) /Black=0.07 (flawless)} 1/2-1/2

[Event "FIDE CB Open 2022"]
[Site "Ceske Budejovice"]
[Date "2022.07.05"]
[Round "5.7"]
[White "Vybiral, Zdenek"]
[Black "Maryasin, Boris"]
[Result "0-1"]
[ECO "B33"]
[WhiteElo "2143"]
[BlackElo "2260"]
[Annotator "TA"]
[PlyCount "60"]
[EventDate "2022.07.01"]
[EventType "swiss"]
[EventCountry "CZE"]
[SourceTitle "playchess.com"]
[Source "ChessBase"]
[SourceQuality "1"]
[TimeControl "40/5400+30:1800+30"]

1. e4 c5 2. Nf3 Nc6 3. d4 cxd4 4. Nxd4 Qb6 5. Nb3 Nf6 6. Nc3 e6 7. a3 Qc7 8. Be3 a6 9. f4 d6 10. g4 {[%emt 0:00:09] now scores much better than the old 10.Be2. B33: Sicilian: Pelikan and Sveshnikov Variations.} b5 11. g5 Nd7 12. Qd2 {[%emt 0:01:55] White is better.} Bb7 13. Qf2 ({White should try} 13. O-O-O $16) 13... g6 $14 {[%emt 0:03:43] [#]} 14. O-O-O $146 ({Predecessor:} 14. Bg2 Bg7 15. O-O O-O 16. Rad1 Rfd8 17. Rd2 Rab8 18. Rfd1 Bf8 19. Ne2 Ba8 20. Rd3 {½-½ (60) Mokry,K (2515)-Polugaevsky,L (2605) Hilversum 1993}) 14... b4 (14... Bg7 $14) 15. axb4 $16 Nxb4 16. h4 Bg7 17. Bd4 e5 18. fxe5 dxe5 (18... Nxe5 $16 19. Bb6 Qb8) 19. Bc5 Nxc5 20. Nxc5 (20. Qxc5 Qxc5 21. Nxc5 Bc6 $16) 20... Bc8 {[%emt 0:13:08] Against Rd7} 21. Bc4 {[%emt 0:08:46][%cal Od1d7] Rd7! is the strong threat.} O-O 22. h5 gxh5 23. Rxh5 {[%emt 0:01:29] Black must now prevent Rdh1.} Bg4 24. Rh4 Bxd1 {[%emt 0:00:47] [#]} (24... Rac8) 25. Qf5 $1 $18 h5 26. gxh6 {[%emt 0:00:59][%cal Of5g6] Qg6! would kill now.} Qe7 27. hxg7 Qxh4 28. gxf8=Q+ ({Don't take} 28. gxf8=R+ Rxf8 29. Nxd1 Qf4+ 30. Qxf4 exf4) (28. gxf8=B $6 Bh5 29. b3 Rxf8 $18) 28... Rxf8 29. Nd7 $2 {[%emt 0:03:01] Pair of Knights!} ({Resist} 29. Kxd1 $6 Qh1+ 30. Qf1 Rd8+ 31. Kc1 Qxf1+ 32. Bxf1 a5 $18) ({Better is} 29. Nxd1 $18 Qf4+ 30. Qxf4 exf4 31. c3) 29... Bxc2 $11 {[%emt 0:04:04] ( -> ...Qe1+)} 30. Nd1 $2 ({Wrong is} 30. Qg6+ $2 Kh8 31. Qf6+ Qxf6 32. Nxf6 Kg7 $19) (30. b3 $11 Bd3 31. Nxf8 Bxc4 32. bxc4 Kxf8 33. Qd7) 30... Qh6+ {[%emt 0:00:25] What a bad dream for White.  Weighted Error Value: White=0.68/Black=0.21 (precise)} 0-1

[Event "FIDE CB Open 2022"]
[Site "Ceske Budejovice"]
[Date "2022.07.05"]
[Round "5.8"]
[White "Bartos, Jan"]
[Black "Palchuk, Andrii"]
[Result "1/2-1/2"]
[ECO "A56"]
[WhiteElo "2142"]
[BlackElo "2248"]
[Annotator "TA"]
[PlyCount "72"]
[EventDate "2022.07.01"]
[EventType "swiss"]
[EventCountry "CZE"]
[SourceTitle "playchess.com"]
[Source "ChessBase"]
[SourceQuality "1"]
[TimeControl "40/5400+30:1800+30"]

1. d4 Nf6 2. c4 c5 3. dxc5 Qa5+ 4. Nd2 Qxc5 5. Ngf3 b6 6. a3 {[%emt 0:00:29] A56: Czech Benoni.} Bb7 ({Much less strong is} 6... Ng4 7. e3 $16) 7. b4 Qc7 8. Bb2 d6 9. e3 Nbd7 {[%emt 0:01:23] Inhibits c5.} 10. Be2 e6 11. O-O Be7 {[%emt 0:00:03] [#]} 12. Nd4 $146 ({Predecessor:} 12. Rc1 Rc8 13. Nd4 O-O 14. N2f3 Rfd8 15. h3 Qb8 16. Qb3 h6 17. Rfd1 a6 18. Nh2 {½-½ (47) Mickovic,S (2065)-Grkovic,V (2170) Vrnjacka Banja 2006}) 12... Rc8 13. Nb5 Qb8 14. Bf3 a6 15. Bxb7 Qxb7 16. Nd4 O-O 17. Qe2 Rfd8 18. Rac1 Bf8 19. Qf3 Qxf3 20. N4xf3 Rc7 21. Rc2 Rdc8 22. Rfc1 d5 23. Ne1 {[%emt 0:00:49] [#]} (23. Bxf6 $11 {remains equal.} Nxf6 24. Nd4) 23... dxc4 ({Black should play} 23... Ne4 $1 $17 {...Nxd2 is the strong threat.} 24. Nxe4 dxe4) 24. Rxc4 $11 {[%emt 0:00:07] The position is equal.} Rxc4 25. Rxc4 Rxc4 26. Nxc4 Ne4 27. Kf1 f6 28. Ke2 Kf7 29. Nd3 Nd6 30. Nxd6+ Bxd6 {[%emt 0:00:04][%mdl 4096] Endgame KBN-KBN} 31. a4 b5 ({Resist} 31... Bxh2 32. g3 $16) 32. axb5 axb5 33. h3 e5 34. e4 Nb8 35. Bc3 Nc6 36. Ke3 Ke6 {[%emt 0:00:45] Weighted Error Value: White=0.07 (flawless) /Black=0.07 (flawless)} 1/2-1/2

[Event "FIDE CB Open 2022"]
[Site "Ceske Budejovice"]
[Date "2022.07.05"]
[Round "5.9"]
[White "Johannsson, Birkir Isak"]
[Black "Matras, Ondrej"]
[Result "1-0"]
[ECO "D11"]
[WhiteElo "2131"]
[BlackElo "2229"]
[Annotator "TA"]
[PlyCount "145"]
[EventDate "2022.07.01"]
[EventType "swiss"]
[EventCountry "CZE"]
[SourceTitle "playchess.com"]
[Source "ChessBase"]
[SourceQuality "1"]
[TimeControl "40/5400+30:1800+30"]

1. Nf3 d5 2. d4 Nf6 3. c4 c6 4. Nbd2 Bf5 5. Nh4 Bc8 (5... Be4 $5) 6. e3 {[%emt 0:01:27] D11: Slav Defence: 3 Nf3 sidelines and 3...Nf6 4 e3 Bg4.} g6 {[%emt 0:06:12] is the legacy move (6...e6).} 7. b3 Bg7 8. Bb2 {[%emt 0:00:26] White has an edge.} O-O 9. Nhf3 Bf5 {[%emt 0:07:15] 9...Nbd7 is the modern continuation.} 10. Be2 Ne4 11. O-O $1 Nxd2 12. Qxd2 Nd7 {[%emt 0:01:07] [#]} 13. cxd5 $146 ({Predecessor:} 13. b4 Bg4 14. Qc2 e6 15. a4 Re8 16. h3 Bxf3 17. Bxf3 Nb6 18. c5 Nd7 19. b5 e5 20. a5 a6 21. bxc6 bxc6 {0-1 (32) Zarkua,D (2377)-Jojua,D (2463) Tbilisi 2008}) 13... cxd5 14. Ne5 Rc8 {[%emt 0:02:39] [#] White must now prevent ...Rc2.} 15. Rac1 {[%emt 0:00:56] Against Rc2} Rxc1 16. Rxc1 Qb8 17. Nxd7 (17. g4 $5 Nxe5 18. gxf5 $14 (18. dxe5 Be6 $14)) 17... Bxd7 18. Ba3 Bf6 19. Bd3 Rc8 20. Rc2 Rxc2 21. Qxc2 Qc8 22. Qxc8+ Bxc8 $11 {[%emt 0:00:01][%mdl 4096] Endgame KBB-KBB} 23. g3 Bh3 24. f3 h5 25. Kf2 Kf8 26. Bc5 b6 27. Bb4 Ke8 28. a4 Kd8 29. Ke2 Bd7 30. h4 Kc7 31. Ba3 Bc6 32. f4 Bd7 33. Kd2 Kb7 34. Bb4 a6 35. Ba3 Bg4 36. Kc2 e6 37. Kd2 Bf3 38. Bf8 Bd8 39. Ba3 Be4 40. Be2 Bf5 41. Bf8 f6 42. Bd6 Kc6 43. Bf8 Kb7 44. Bd6 Be4 45. Bf8 a5 46. Bb5 Kc8 47. Bd6 Bc7 48. Be7 Bd8 49. Bd6 g5 50. fxg5 fxg5 51. hxg5 Bxg5 52. Bf8 Kd8 53. Bd6 Bf3 54. Be2 Bg4 55. Bxg4 hxg4 {[%emt 0:00:03] KB-KB} 56. Be5 Kd7 57. Kd3 Kc6 58. Ke2 Be7 59. Kd3 b5 60. Bb8 bxa4 61. bxa4 Bb4 62. Bf4 Kd7 63. Be5 Ke7 64. e4 {[%emt 0:00:00] Threatens to win with exd5.} Kf7 $2 {[%emt 0:02:03][%mdl 8192] A mistake that costs the game.} (64... Ba3 $11) 65. exd5 $18 {[%emt 0:00:00] White is clearly winning.} exd5 {[%emt 0:00:01] [#]} 66. Ke3 $1 Kg6 67. Kf4 Kh5 68. Kf5 Bc3 69. Ke6 Kg6 70. Kxd5 Kf5 71. Bf4 Be1 72. Kc6 Bc3 73. d5 {[%emt 0:00:00] Weighted Error Value: White=0.03 (flawless) /Black=0.03 (flawless)} 1-0

[Event "FIDE CB Open 2022"]
[Site "Ceske Budejovice"]
[Date "2022.07.05"]
[Round "5.10"]
[White "Kula, Dominik"]
[Black "Zima, Jan"]
[Result "0-1"]
[ECO "B99"]
[WhiteElo "2229"]
[BlackElo "2134"]
[Annotator "TA"]
[PlyCount "100"]
[EventDate "2022.07.01"]
[EventType "swiss"]
[EventCountry "CZE"]
[SourceTitle "playchess.com"]
[Source "ChessBase"]
[SourceQuality "1"]
[TimeControl "40/5400+30:1800+30"]

1. e4 c5 2. Nf3 d6 3. d4 cxd4 4. Nxd4 Nf6 5. Nc3 a6 6. Bg5 e6 7. f4 h6 8. Bh4 Be7 9. Qf3 Nbd7 10. O-O-O Qc7 {[%emt 0:00:26] 10...g5 is the fancy move.} 11. g4 b5 {[%emt 0:05:15] B99: Sicilian Najdorf: 6 Bg5 e6 7 f4 Be7 8 Qf3 Qc7 9 0-0-0 Nbd7.} (11... Nxe4 12. Bxe7 Nxc3 13. Nxe6 Nxa2+ 14. Kb1 Nc3+ 15. bxc3 $16 (15. Qxc3 Qxc3 16. bxc3 Kxe7 $11)) 12. Bxf6 Nxf6 13. g5 hxg5 {[%emt 0:00:28] Black is slightly better.} 14. fxg5 Nd7 {[%emt 0:00:09] White must now prevent ...b4.} 15. g6 Bg5+ 16. Kb1 Ne5 17. Qg2 Bf6 {[%emt 0:02:28] [#]} 18. Bxb5+ $146 {[%emt 0:08:15] Black converts the advantage convincingly.} ({Predecessor:} 18. gxf7+ Qxf7 19. Be2 Bb7 20. Nb3 Rd8 21. Rhg1 Rh4 22. Qf2 b4 23. Na4 Rxe4 24. Nd2 {0-1 (41) Pulpan,J (2089)-Pycha,P (1994) Czech Republic 2014}) 18... axb5 $19 19. Ndxb5 Qb6 20. Rxd6 ({Reject} 20. Nxd6+ Ke7 21. gxf7 Rd8) 20... Qc5 21. gxf7+ Kxf7 {[%emt 0:02:46] And now ...Bd7 would win.} ({Weaker is} 21... Nxf7 22. e5 Bxe5 23. Rc6 $11) 22. a3 (22. a4 $142) 22... Rb8 23. a4 Bd7 24. Rhd1 Bc6 {[%emt 0:12:14] Hoping for ...Nc4.} 25. Qe2 (25. Qg3 {is a better chance.}) 25... Rh3 26. Ka2 {[%emt 0:03:22] [#]} Rxc3 $1 27. bxc3 (27. Rxc6 Nxc6) 27... Bxb5 28. axb5 Rxb5 29. Ra6 Ra5+ $2 (29... Nc4 {mates} 30. Rd7+ Ke8 31. Rb7 Rxb7 32. Ra8+ Ke7 33. Qd1 Rb2+ 34. Ka1 {[#]} Rb8 $3 35. Ra6 Bxc3+ 36. Ka2 Rb2+ 37. Ka1 Rb6+ 38. Ka2 Rxa6+ 39. Kb3 Qb4#) 30. Rxa5 Qxa5+ 31. Kb1 $2 (31. Kb3) 31... Qxc3 {[%emt 0:00:38][%cal Oe5d3] ( -> ...Nd3!)} ({Not} 31... Qb6+ $2 32. Ka2 $19) 32. Qd2 {[%emt 0:00:51] Inhibits Nd3.} Qc5 {[%emt 0:00:54] ...Qb6+ is the strong threat.} 33. c3 Qc4 {[%emt 0:00:40] Strongly threatening ...Qb3+.} 34. Qc2 {[%emt 0:01:09] Against Qb3+} Nc6 {[%emt 0:00:24] Prevents Rd4.} 35. Rd7+ Ke8 36. Rd3 (36. Rb7) 36... Qb5+ 37. Ka2 Qa5+ 38. Kb3 Qb5+ (38... Qb6+ $142 39. Ka2 Qa6+ 40. Kb3 Na5+ 41. Kb2 Nc4+ 42. Kb3 Qb5+ 43. Ka2 Qa6+ 44. Kb3 Na5+ 45. Kb2 Ke7) 39. Ka2 {[%emt 0:00:02] [#]} Bxc3 40. Qxc3 {[%emt 0:01:50][%mdl 4096] Endgame KQR-KQN} Nb4+ 41. Ka3 {[%emt 0:31:07] White wants to mate with Qc8+.} Nxd3 42. Qxg7 Qb4+ 43. Ka2 Qc4+ 44. Ka3 Qb4+ 45. Ka2 Qxe4 (45... Qa4+ $142 46. Kb1 Qxe4 47. Qc3 Nb4+ 48. Kb2 Nd5 49. Qc8+ Kf7 50. Qd7+ Ne7 51. Qc7 Qb4+ 52. Kc1 Qe4 53. Kb2 Qb4+ 54. Ka1 Qd4+ 55. Ka2 Kf6 56. Qb8 Qc4+ 57. Qb3 Qf4 58. Qc3+ Kf7 59. Qc2 Nf5 60. Kb1 Nd4 61. Qh7+ Kf6 62. h4 e5 63. h5 Qf1+ 64. Kb2 Qb5+ 65. Kc3 Qc6+ 66. Kd2 Kg5 67. Qe7+ Kg4 68. Qh7 Nf5 69. Qg8+ Kf4 70. Qb8 Qc5 71. h6 Nxh6 72. Qh8 Ng4 73. Qh5 Qd4+ 74. Kc2 Qc4+ 75. Kb1 e4 76. Qe8 e3 77. Qb8+ Kf3 78. Qf8+ Kg2 79. Qa8+ Kf2 80. Qf8+ Kg1 81. Qf3 e2 82. Qg3+ Kf1 83. Qh3+ Kf2 84. Qh4+ Kg2 85. Ka1 Qb4 86. Ka2 Kf3 87. Qh1+ Kf2 88. Qd5 Qf4 89. Qh1 Qc4+ 90. Kb2 e1=Q 91. Qh4+ Ke2 92. Qxe1+ Kxe1 93. Kb1 Ne3 94. Kb2 Nd1+ 95. Ka1 Qd4+ 96. Kb1 Qb2#) 46. h4 Nb4+ 47. Kb3 Nd5 48. Qh8+ Kf7 (48... Kd7 $142 49. Kb2 Qg2+ 50. Kc1 Qf1+ 51. Kb2 Qg2+ 52. Kc1 Qh1+ 53. Kb2 Qh2+ 54. Kb3 Qg3+ 55. Kb2 Qf2+ 56. Kb3 Qe3+ 57. Ka2 Qe2+ 58. Kb3 Qe4 59. Kb2 Qe2+ 60. Kb3 Qd3+ 61. Kb2 Qd2+ 62. Kb3 Qe3+ 63. Kc2 Qf2+ 64. Kb3 Qg3+ 65. Kb2 Qf2+ 66. Kb3) 49. h5 Nf6 (49... Qb1+ $142 50. Qb2 Qd1+ 51. Kc4 Qxh5 52. Qb7+ Kg6 53. Qb1+ Kf6 54. Qb2+ Qe5 55. Qf2+ Nf4 56. Qh4+ Kf5 57. Qd8 Qd5+ 58. Qxd5+ Nxd5 59. Kd4 e5+ 60. Kxd5 e4 61. Kd4 Kf4 62. Kc4 e3 63. Kd3 Kf3 64. Kc3 e2 65. Kd2 Kf2 66. Kc3 e1=Q+ 67. Kc4 Qa5 68. Kd4 Kf3 69. Kc4 Ke4 70. Kb3 Kd3 71. Kb2 Qb4+ 72. Kc1 Qb8 73. Kd1 Qb1#) 50. h6 Qh7 {[%emt 0:00:00] Weighted Error Value: White=1.07/Black=0.88} (50... Qd5+ $142 51. Kb4 Qb7+ 52. Kc3 Qc7+ 53. Kd2 Qh2+ 54. Kd3 Qg3+ 55. Kc4 e5) 0-1